 Dungeon Crawl Stone Soup version 0.20-a0-4-gd166d5d (webtiles) character file.

345413 Gruud the Sniper (level 21, -2/185 HPs)
             Began as a Demonspawn Hunter on Oct 27, 2016.
             Was the Champion of Okawaru.
             Killed by mirror damage (42 damage)
             ... on level 5 of the Vaults on Oct 31, 2016.
             The game lasted 04:59:18 (41836 turns).

Gruud the Sniper (Demonspawn Hunter)               Turns: 41836, Time: 04:59:18

Health: -2/185     AC: 32    Str: 16    XL:     21   Next: 17%
Magic:  37/41      EV: 23    Int: 26    God:    Okawaru [******]
Gold:   1602       SH:  0    Dex: 21    Spells: 8 memorised, 4 levels left

rFire  + + +     SeeInvis .     a - +7 triple crossbow (freeze)
rCold  + . .     Gourm    .     V - +10 chain mail "Reyk" {*Contam rF+ Int+8}
rNeg   . . .     Faith    +     (shield currently unavailable)
rPois  +         Spirit   .     (helmet unavailable)
rElec  .         Reflect  .     p - +0 cloak "Fusidgh" {MR+ MP+9}
rCorr  .         Harm     .     e - +2 pair of gloves {archery}
MR     +++..                    H - +0 pair of boots of Xioppuof {*Drain rPois rC+}
Stlth  ..........               E - amulet "Jyskasor" {Faith Int+6}
                                B - ring of protection from magic
                                s - +4 ring of evasion

@: heroism
A: horns 3, talons 1, molten scales 3, fire resistance 1, foul stench 1, powered
by pain 2, robust 1, rot immunity
a: Heroism, Finesse, Renounce Religion
}: 2/15 runes: decaying, gossamer


You were on level 5 of the Vaults.
You worshipped Okawaru.
Okawaru was exalted by your worship.
You were near starving.

You visited 7 branches of the dungeon, and saw 38 of its levels.
You also visited: Labyrinth.

You collected 3521 gold pieces.
You spent 1919 gold pieces at shops.

Inventory:

Hand Weapons
 a - a +7 triple crossbow of freezing (weapon)
 b - the +1 triple crossbow of Cesiatao {elec, Int+2}
   (Okawaru gifted it to you on level 2 of the Vaults)

   It charges the ammunition it shoots with electricity; occasionally upon a
   hit, such missiles may discharge and cause terrible harm.
   It affects your intelligence (+2).
 C - a +0 triple sword
Missiles
 d - 860 bolts (quivered)
Armour
 e - a +2 pair of gloves of archery (worn)
 p - the +0 cloak "Fusidgh" (worn) {MR+ MP+9}
   (Okawaru gifted it to you on level 14 of the Dungeon)

   It affects your resistance to hostile enchantments.
   It affects your magic capacity (+9).
 H - the +0 pair of boots of Xioppuof (worn) {*Drain rPois rC+}
   (You bought it in a shop on level 2 of the Orcish Mines)

   It protects you from cold.
   It protects you from poison.
   It causes draining when unequipped.
 V - the +10 chain mail "Reyk" (worn) {*Contam rF+ Int+8}
   (Okawaru gifted it to you on level 2 of the Vaults)

   It affects your intelligence (+8).
   It protects you from fire.
   It causes magical contamination when unequipped.
Jewellery
 r - an uncursed ring of resist corrosion
 s - a +4 ring of evasion (left hand)
 B - a ring of protection from magic (right hand)
 E - the amulet "Jyskasor" (around neck) {Faith Int+6}
   (You took it off a minotaur in a labyrinth)

   [amulet of faith]

   It allows you to gain divine favour quickly.
   It affects your intelligence (+6).
 G - an uncursed ring of protection from cold
 L - the ring "Yxzogeh" {Str+4 SInv}
   (You found it on level 5 of the Lair of Beasts)

   [ring of strength]

   It affects your strength (+4).
   It lets you see invisible.
 P - an uncursed ring of positive energy
 U - an uncursed ring of poison resistance
Wands
 k - a wand of paralysis (17/24)
 l - a wand of teleportation (5/9)
 u - a wand of iceblast (11/15)
 x - a wand of teleportation (6/9)
 D - a wand of digging (15/24)
 N - a wand of disintegration (17/24)
Scrolls
 g - 8 scrolls of teleportation
 t - 5 scrolls of magic mapping
 y - 3 scrolls of silence
 I - 10 scrolls of remove curse
 J - 6 scrolls of enchant armour
 K - 9 scrolls of fear
 O - 2 scrolls of fog
 R - 5 scrolls of recharging
 S - 8 scrolls of identify
 Y - 5 scrolls of blinking
Potions
 i - 20 potions of curing
 j - 2 potions of heal wounds
 m - a potion of resistance
 n - 7 potions of ambrosia
 o - 7 potions of flight
 q - 8 potions of haste
 v - 4 potions of agility
 w - a potion of invisibility
 z - 2 potions of magic
 F - 4 potions of might
 T - a potion of cancellation
 W - 2 potions of cure mutation
 X - 4 potions of brilliance
 Z - 7 potions of mutation
Books
 Q - a book of Necromancy

   Spells                             Type                      Level
   a - Pain                           Necromancy                   1
   b - Animate Skeleton               Necromancy                   1
   c - Vampiric Draining              Necromancy                   3
   d - Regeneration                   Charms/Necromancy            3
   e - Animate Dead                   Necromancy                   4
   f - Control Undead                 Necromancy                   4
Miscellaneous
 A - a fan of gales
 M - 2 phantom mirrors
Comestibles
 c - 16 meat rations
 f - 16 bread rations


   Skills:
 + Level 15.6(20.6) Fighting
 - Level 6.4(11.4) Long Blades
 * Level 21.0(26.0) Crossbows
 + Level 6.9(11.9) Armour
 - Level 14.0(19.0) Dodging
 - Level 0.8(5.8) Stealth
 - Level 3.4 Spellcasting
 - Level 5.6 Hexes
 - Level 6.1 Charms
 - Level 4.0 Necromancy
 + Level 10.8 Translocations
 - Level 3.0 Transmutations
 - Level 15.1 Invocations


You had 4 spell levels left.
You knew the following spells:

 Your Spells              Type           Power        Failure   Level  Hunger
a - Passwall              Tmut/Erth      ##........   80%         2    #......
b - Silence               Hex/Air        ###.......   100%        5    ######.
c - Blink                 Tloc           N/A          1%          2    #......
d - Repel Missiles        Chrm/Air       ###...       43%         2    #......
e - Regeneration          Chrm/Necr      ####......   38%         3    ###....
f - Apportation           Tloc           ######....   1%          1    None
g - Portal Projectile     Tloc           ######       3%          3    ###....
h - Passage of Golubria   Tloc           N/A          12%         4    ####...


Dungeon Overview and Level Annotations

Branches:
Dungeon (15/15)            Temple (0/1) D:4            Lair (6/6) D:10
  Swamp (4/4) Lair:2       Spider (4/4) Lair:2        Slime (0/5) Lair:5
    Orc (2/2) D:11            Elf (2/3) Orc:2        Vaults (5/5) D:13
  Crypt (0/3) Vaults:3     Depths (0/5) D:15

Altars:
Ashenzari
Cheibriados
Hepliaklqana
Kikubaaqudgha
Nemelex Xobeh
Okawaru
Trog
Xom
Zin
The Shining One

Shops:
D:5 %%   D:11 ?:[   Orc:2 :[?%   Elf:2 }   Vaults:3 ((%   Vaults:4 (}

Annotations:
D:5 exclusion: 2 doors
Elf:2 3 runed doors


Innate Abilities, Weirdness & Mutations

You have a pair of large horns on your head.
You are completely covered in molten scales. (AC +4, rF+)
You may emit foul miasma when damaged in melee.
You sometimes gain power by taking damage.
You are robust. (+10% HP)
You are immune to rotting.
You have sharp toenails.
Your flesh is heat resistant. (rF+)


Message History

You hear a shout! x2
Casting: Blink
Confirm with . or Enter, or press ? or * to list all spells.
You blink.
The vault sentinel unwields an uncursed arbalest.
The vault sentinel wields an uncursed falchion of electrocution.
You hear the crackle of electricity.
The vault sentinel closely misses you.
Casting: Blink
Confirm with . or Enter, or press ? or * to list all spells.
You blink.
You are too injured to fight recklessly!
Firing (i - inventory):
d - 860 bolts (quivered)
Press: ? - help, Shift-Dir - straight line, f/p - tentacled monstrosity
Aim: a tentacled monstrosity You shoot a bolt.
The bolt hits the death knight!!!
The bolt freezes the death knight!!
The death knight is almost dead.
The death knight reflects your damage back at you!
You die...

#..#... #..#...
#..#..# #..#.. #.....
#(.(.################
#.....((p....(......p
#...@..§pX..(......p.
#.....ppp.§...p(.(.p.
#...(().p(p)(((.....p
#..([################
#...(......
#.(#####... #))# #
#()# #.(#


You could see a tentacled monstrosity, a death knight, 5 vault guards and a
vault sentinel.

Vanquished Creatures
  A bone dragon (Swamp:4)
  3 liches
  Asterion (Elf:2)
  The ghost of brucemayne the Executioner, an adept HOMo of Makhleb (Vaults:4)
  Gastronok (Lair:2)
  A thorn hunter (Swamp:3)
  2 tengu reavers
  2 fire giants (Vaults:2)
  2 deep elf sorcerers
  4 ghost moths
  8 emperor scorpions
  An iron dragon (Vaults:4)
  12 vault wardens
  3 frost giants
  An orc warlord (Orc:1)
  13 ironheart preservers
  A deep elf elementalist (Vaults:5)
  8 stone giants
  3 entropy weavers
  A deep elf demonologist (Elf:1)
  Azrael (D:14)
  Nessos (D:14)
  A spark wasp (Spider:4)
  The ghost of feelmyfire the Fencer, a journeyman MiFi of Okawaru (D:12)
  3 deep elf annihilators
  3 ettins (Vaults:2)
  2 deep elf death magi (Elf:1)
  The ghost of HEYYEYAAE the Basher, a journeyman TrBe of Trog (D:12)
  A deep elf high priest (Vaults:2)
  A minotaur (Lab)
  5 fire dragons
  4 great orbs of eyes
  17 ogre magi
  9 yaktaur captains
  Josephine (Orc:2)
  5 ice dragons
  A great orb of eyes (shapeshifter) (Vaults:2)
  4 rakshasas
  Harold (Lair:2)
  18 vault guards
  13 hydras
  2 death knights
  2 catoblepae
  4 ghost crabs (Swamp:4)
  10 centaur warriors
  A ghost crab (shapeshifter) (Vaults:3)
  A death yak (Lair:6)
  A deep troll shaman (Vaults:4)
  11 dancing weapons
  6 alligators
  A deep troll earth mage (Vaults:1)
  A tengu warrior (D:12)
  Urug (D:13)
  Nergalle (Lair:3)
  14 deep elf knights
  Sonja (Lair:2)
  5 skeletal warriors
  A shadow wraith (Vaults:3)
  A spriggan druid (Swamp:3)
  A storm dragon skeleton (Vaults:3)
  16 deep trolls
  2 unseen horrors (Vaults:1)
  3 flayed ghosts
  5 swamp dragons
  A glowing orange brain (D:15)
  2 shambling mangroves
  2 spectral hydras (Swamp:4)
  11 ironbrand convokers
  A wizard (Vaults:3)
  An orb spider (shapeshifter) (Vaults:1)
  A harpy (Vaults:3)
  2 phantasmal warriors
  15 deep elf archers
  7 hill giants
  27 wolf spiders
  13 orc knights
  13 orb spiders
  2 tengu skeletons (Vaults:3)
  3 manticores
  A necromancer (Vaults:2)
  5 orc sorcerers
  A sphinx skeleton (Vaults:3)
  35 ugly things
  56 deep elf magi
  A shadow dragon skeleton (Vaults:3)
  A stone giant skeleton (Vaults:3)
  3 cyclopes
  10 vault sentinels
  3 moths of wrath
  4 elephants (Lair:4)
  A torpor snail (Spider:2)
  4 black mambas
  2 frost giant skeletons (Vaults:3)
  22 spiny frogs
  4 gargoyles
  4 rime drakes (Lair:6)
  30 yaktaurs
  3 efreet
  2 komodo dragons (shapeshifter)
  17 demonic crawlers
  3 swamp worm zombies (Swamp:4)
  7 komodo dragons
  40 jumping spiders
  5 freezing wraiths
  A polar bear (shapeshifter) (Vaults:2)
  A yaktaur skeleton (Vaults:3)
  4 hydra zombies (Swamp:4)
  5 human skeletons (Vaults:3)
  14 trolls
  3 polar bears
  26 hornets
  2 meliai (shapeshifter)
  2 tyrant leeches
  A tyrant leech (shapeshifter) (Vaults:1)
  30 two-headed ogres
  A wolf spider simulacrum (D:13)
  3 spectral swamp dragons (Swamp:4)
  34 slime creatures
  25 blink frogs
  5 hippogriffs
  9 bog bodies
  A raiju (shapeshifter) (D:15)
  2 dream sheep (D:10)
  4 alligator zombies (Swamp:4)
  3 shadows
  6 wraiths
  2 air elementals (Elf:1)
  7 spriggans
  67 redbacks
  28 tarantellas
  6 water elementals
  An ettin skeleton (Vaults:3)
  A spriggan (shapeshifter) (Vaults:1)
  A vampire (D:15)
  4 basilisks
  37 yaks
  A hog (shapeshifter) (Vaults:4)
  16 humans
  6 wyverns
  A hungry ghost (D:8)
  A golden eye (D:8)
  5 fire elementals
  2 steam dragons (Lair:6)
  3 mottled dragons
  10 insubstantial wisps (Swamp:4)
  3 wargs
  31 vampire mosquitoes
  2 soldier ants (shapeshifter)
  A soldier ant (D:12)
  16 swamp worms
  2 nagas (shapeshifter)
  5 hell hounds (D:14)
  11 water moccasins
  7 porcupines
  Duvessa (D:7)
  22 orc warriors
  An eye of draining (D:13)
  2 hornet zombies
  3 sky beasts
  4 ice beasts
  8 swamp drakes
  3 black bears
  11 phantoms
  An elf skeleton (Vaults:3)
  77 ogres
  3 swamp dragon zombies (Swamp:4)
  A wolf (Lair:5)
  16 centaurs
  A boggart (shapeshifter) (D:15)
  17 boggarts
  13 crocodiles
  16 bullfrogs
  5 big kobolds
  5 gnoll sergeants (D:11)
  An earth elemental (Elf:2)
  3 scorpions
  Dowan (D:7)
  3 killer bees (D:11)
  13 wights
  4 electric eels (D:13)
  A howler monkey (D:9)
  2 bullfrog zombies
  5 crimson imps
  3 centaur zombies
  3 human simulacra
  2 bullfrog skeletons
  A gnoll shaman (D:4)
  8 hounds
  9 jellies
  16 orc priests
  8 iguanas
  3 centaur skeletons
  20 orc wizards
  9 worker ants
  A killer bee zombie (D:9)
  A hound skeleton (D:9)
  4 worker ant zombies
  A howler monkey skeleton (D:11)
  9 gnolls
  10 adders
  3 swamp drake zombies (Swamp:4)
  4 shadow imps
  An ooze (D:6)
  An adder zombie (D:6)
  2 adder skeletons
  4 worms
  A worm (shapeshifter) (Vaults:2)
  2 dart slugs
  4 leopard geckos
  84 orcs
  5 giant cockroaches
  4 goblins
  9 hobgoblins
  10 jackals
  6 quokkas
  2 ball pythons (D:2)
  4 bats
  3 frilled lizards
  15 kobolds
  2 leopard gecko zombies
  6 rats
1600 creatures vanquished.

Vanquished Creatures (others)
  An ogre mage (Vaults:3)
  An insubstantial wisp (Swamp:4)
  A bullfrog skeleton (D:14)
  7 fungi
  7 plants
17 creatures vanquished.

Grand Total: 1617 creatures vanquished

Notes
Turn   | Place    | Note
-------+----------+-------------------------------------------
     0 | D:1      | Gruud the Demonspawn Hunter began the quest for the Orb.
     0 | D:1      | Reached XP level 1. HP: 16/16 MP: 1/1
   274 | D:2      | Reached skill level 4 in Crossbows
   277 | D:2      | Gained mutation: You have a pair of small horns on your head. [demonic ancestry]
   277 | D:2      | Reached XP level 2. HP: 20/22 MP: 2/2
   824 | D:1      | Reached XP level 3. HP: 27/27 MP: 3/3
  1221 | D:2      | Found a shattered altar of Ashenzari.
  1225 | D:2      | Saw a vision of the Swamp and the Spider Nest.
  1225 | D:2      | Noticed a swamp drake
  1225 | D:2      | Noticed a redback
  1225 | D:2      | Noticed a redback
  1225 | D:2      | Noticed a redback
  1225 | D:2      | Noticed a swamp drake
  1225 | D:2      | Noticed a redback
  1225 | D:2      | Noticed a wolf spider
  1225 | D:2      | Noticed a scorpion
  1226 | D:2      | Noticed an alligator
  1227 | D:2      | Noticed a wolf spider
  1228 | D:2      | Noticed a redback
  1484 | D:2      | Found a bloodstained altar of Trog.
  1491 | D:2      | Found a snail-covered altar of Cheibriados.
  2064 | D:3      | Reached skill level 5 in Crossbows
  2097 | D:3      | Reached XP level 4. HP: 31/33 MP: 4/4
  2874 | D:3      | Reached XP level 5. HP: 9/38 MP: 5/5
  3277 | D:4      | Reached skill level 6 in Crossbows
  3432 | D:4      | Found an ancient bone altar of Kikubaaqudgha.
  3471 | D:4      | Gained mutation: You are immune to rotting. [demonic ancestry]
  3471 | D:4      | Reached XP level 6. HP: 14/44 MP: 6/6
  3696 | D:4      | Found a glowing golden altar of the Shining One.
  3700 | D:4      | Found an iron altar of Okawaru.
  3718 | D:4      | Became a worshipper of Warmaster Okawaru
  3724 | D:4      | Found a shattered altar of Ashenzari.
  3750 | D:4      | Reached skill level 7 in Crossbows
  3750 | D:4      | Reached skill level 1 in Invocations
  3927 | D:4      | Found a staircase to the Ecumenical Temple.
  4107 | D:4      | Reached XP level 7. HP: 29/50 MP: 9/9
  4247 | D:4      | Got a brightly glowing hand axe
  4248 | D:4      | Identified the +9 hand axe of Superiority {flame, Str+2} (You found it on level 4 of the Dungeon)
  4325 | D:5      | Entered Level 5 of the Dungeon
  4416 | D:5      | Reached * piety under Okawaru
  4662 | D:5      | Found Tegao's Food Shoppe.
  4747 | D:5      | Found a shimmering altar of Xom.
  4748 | D:5      | Found a hazy altar of Hepliaklqana.
  4748 | D:5      | Noticed a hell beast
  4749 | D:5      | Noticed a hell beast
  4749 | D:5      | Noticed a spectral ugly thing
  4921 | D:5      | Found Usovaef's Food Boutique.
  5177 | D:6      | Reached skill level 8 in Crossbows
  5321 | D:6      | Reached skill level 5 in Invocations
  5370 | D:6      | Reached ** piety under Okawaru
  5370 | D:6      | Gained mutation: You are partially covered in molten scales. (AC +2) [demonic ancestry]
  5370 | D:6      | Reached XP level 8. HP: 51/56 MP: 9/11
  5851 | D:7      | Noticed Duvessa
  5851 | D:7      | Noticed Dowan
  5860 | D:7      | Killed Dowan
  5860 | D:7      | Reached skill level 9 in Crossbows
  5860 | D:7      | Killed Duvessa
  6312 | D:7      | Gained mutation: Your magical capacity is low. (-10% MP) [mutagenic meat]
  6313 | D:7      | Lost mutation: Your magical capacity is low. (-10% MP) [mutagenic meat]
  6314 | D:7      | Gained mutation: Your flesh is heat resistant. (rF+) [mutagenic meat]
  6315 | D:7      | Gained mutation: You have sharp toenails. [mutagenic meat]
  6418 | D:7      | Noticed a troll
  6429 | D:7      | Reached *** piety under Okawaru
  6473 | D:7      | Reached skill level 10 in Crossbows
  6473 | D:7      | Gained mutation: You sometimes gain a little power by taking damage. [demonic ancestry]
  6473 | D:7      | Reached XP level 9. HP: 53/61 MP: 14/14
  6913 | D:8      | a troll changed into a golden eye
  6983 | D:8      | You fall through a shaft!
  7335 | D:8      | Received a gift from Okawaru
  7513 | D:8      | You fall through a shaft for 2 floors!
  7513 | D:10     | Entered Level 10 of the Dungeon
  7540 | D:10     | Reached skill level 11 in Crossbows
  7560 | D:10     | Reached **** piety under Okawaru
  7912 | D:9      | Reached skill level 1 in Long Blades
  8474 | D:9      | Received a gift from Okawaru
  8474 | D:9      | Reached XP level 10. HP: 67/67 MP: 17/17
  9172 | D:10     | Received a gift from Okawaru
  9191 | D:10     | Reached skill level 10 in Invocations
  9241 | D:10     | Noticed a three-headed hydra
  9247 | D:10     | Killed a one-headed hydra
  9247 | D:10     | Received a gift from Okawaru
  9247 | D:10     | Reached skill level 5 in Long Blades
  9251 | D:10     | Received a gift from Okawaru
  9380 | D:10     | Noticed a hill giant
  9391 | D:10     | Killed a hill giant
  9391 | D:10     | Reached ***** piety under Okawaru
  9487 | D:10     | Found a staircase to the Lair.
  9552 | D:10     | Noticed a hill giant
  9565 | D:10     | Killed a hill giant
  9565 | D:10     | Received a gift from Okawaru
  9848 | D:10     | Upgraded the game from 0.20-a0 to 0.20-a0-2-g2b0e13a
  9871 | D:11     | Found Ureorauk's Armour Shoppe.
  9923 | D:11     | Found Ronn's Book Shoppe.
  9984 | D:11     | Received a gift from Okawaru
  9984 | D:11     | Reached skill level 5 in Dodging
  9984 | D:11     | Gained mutation: You sometimes gain power by taking damage. [demonic ancestry]
  9984 | D:11     | Reached XP level 11. HP: 57/73 MP: 19/19
 10019 | D:11     | Found Untet's Magic Scroll Shop.
 10047 | D:11     | Bought a scroll of fear for 42 gold pieces
 10047 | D:11     | Bought a scroll of fog for 24 gold pieces
 10064 | D:11     | Found a staircase to the Orcish Mines.
 10129 | D:11     | Received a gift from Okawaru
 10518 | D:11     | Noticed a hill giant
 10536 | D:11     | Killed a hill giant
 10732 | Lair:1   | Entered Level 1 of the Lair of Beasts
 10754 | Lair:1   | Identified a scroll of acquirement
 10840 | Lair:1   | Received a gift from Okawaru
 11028 | Lair:1   | Got a faintly glowing leather armour
 11039 | Lair:1   | Identified the cursed +0 leather armour of the Boiling Point {rCorr} (You found it on level 1 of the Lair of Beasts)
 11071 | Lair:1   | Received a gift from Okawaru
 11157 | Lair:1   | Reached skill level 12 in Crossbows
 11551 | Lair:1   | Received a gift from Okawaru
 11869 | Lair:2   | Noticed Gastronok
 11889 | Lair:2   | Noticed Sonja
 11897 | Lair:1   | Received a gift from Okawaru
 11909 | Lair:1   | Got a polished arbalest {god gift}
 11911 | Lair:1   | Identified the +3 arbalest of Discomfort {elec, Dex+3} (Okawaru gifted it to you on level 1 of the Lair of Beasts)
 12066 | Lair:2   | Killed Gastronok
 12066 | Lair:2   | Reached skill level 5 in Fighting
 12066 | Lair:2   | Reached XP level 12. HP: 86/86 MP: 21/21
 12067 | Lair:2   | Noticed Harold
 12070 | Lair:2   | Killed Harold
 12079 | Lair:2   | Killed Sonja
 12109 | Lair:2   | Found a hole to the Spider Nest.
 12399 | Lair:2   | Found a staircase to the Swamp.
 12406 | Lair:2   | Received a gift from Okawaru
 12815 | Lair:2   | Noticed a four-headed hydra
 12818 | Lair:2   | Killed a four-headed hydra
 12946 | Lair:3   | Reached skill level 13 in Crossbows
 13183 | Lair:3   | Learned a level 2 spell: Passwall
 13412 | Lair:3   | Noticed Nergalle
 13415 | Lair:3   | Killed Nergalle
 14158 | Lair:4   | Noticed a catoblepas
 14169 | Lair:4   | Killed a catoblepas
 14372 | Lair:4   | Reached ****** piety under Okawaru
 14771 | Lair:5   | Found a staircase to the Slime Pits.
 14794 | Lair:5   | Received a gift from Okawaru
 14794 | Lair:5   | Gained mutation: You are mostly covered in molten scales. (AC +3) [demonic ancestry]
 14794 | Lair:5   | Reached XP level 13. HP: 95/95 MP: 21/23
 14795 | Lair:5   | Got a brightly glowing hunting sling {god gift}
 14796 | Lair:5   | Identified the +7 hunting sling of Qifycyg {freeze, rC+++ MR- Str+4} (Okawaru gifted it to you on level 5 of the Lair of Beasts)
 14846 | Lair:5   | Got a heavily runed golden ring
 14847 | Lair:5   | Identified the ring "Yxzogeh" {Str+4 SInv} (You found it on level 5 of the Lair of Beasts)
 14870 | Lair:5   | You fall through a shaft!
 14870 | Lair:6   | Entered Level 6 of the Lair of Beasts
 15101 | Lair:6   | Found a labyrinth entrance.
 15125 | Lab      | Entered a labyrinth
 15326 | Lab      | Noticed a minotaur
 15329 | Lab      | Killed a minotaur
 15333 | Lab      | Got a pitted copper amulet
 15338 | Lab      | Identified the amulet "Jyskasor" {Faith Int+6} (You took it off a minotaur in a labyrinth)
 15363 | Lab      | Identified a -1 rod of shadows (11/11) (You took it off a minotaur in a labyrinth)
 15405 | Lair:6   | Learned a level 5 spell: Silence
 15599 | Lair:6   | Reached skill level 14 in Crossbows
 15789 | Lair:6   | Received a gift from Okawaru
 17055 | Lair:6   | Noticed a fire dragon
 17064 | Lair:6   | Killed a fire dragon
 17131 | Lair:6   | probably lost out on Fdrag scales there
 17606 | Orc:1    | Entered Level 1 of the Orcish Mines
 17616 | Orc:1    | Received a gift from Okawaru
 17739 | Orc:1    | Noticed an orc warlord
 17747 | Orc:1    | Killed an orc warlord
 17747 | Orc:1    | Received a gift from Okawaru
 17758 | Orc:1    | Reached XP level 14. HP: 102/106 MP: 20/25
 17785 | Orc:1    | Got a translucent scale mail {god gift}
 17850 | Orc:1    | Identified the +4 scale mail "Fos Coe" {rC+ rN+ MR- Stlth+} (Okawaru gifted it to you on level 1 of the Orcish Mines)
 18213 | Orc:2    | Entered Level 2 of the Orcish Mines
 18573 | Orc:2    | Noticed Josephine
 18577 | Orc:2    | Killed Josephine
 18629 | Orc:2    | Reached skill level 15 in Invocations
 18648 | Orc:2    | Reached skill level 15 in Crossbows
 18664 | Orc:2    | Received a gift from Okawaru
 18686 | Orc:2    | Received a gift from Okawaru
 18723 | Orc:2    | Found Jyet's Antique Armour Shop.
 18731 | Orc:2    | Found Becheyh's Book Emporium.
 18733 | Orc:2    | Found Kiqer's Magic Scroll Shop.
 18733 | Orc:2    | Found Koextaji's Food Shoppe.
 18791 | Orc:2    | Bought a pair of polished boots for 228 gold pieces
 18803 | Orc:2    | Identified the cursed +0 pair of boots of Xioppuof {*Drain rPois rC+} (You bought it in a shop on level 2 of the Orcish Mines)
 18805 | Orc:2    | Bought a pair of runed boots for 252 gold pieces
 18809 | Orc:2    | Bought a scroll of blinking for 97 gold pieces
 18809 | Orc:2    | Bought a scroll of identify for 26 gold pieces
 18809 | Orc:2    | Bought a scroll of identify for 26 gold pieces
 18809 | Orc:2    | Bought a scroll of identify for 26 gold pieces
 18809 | Orc:2    | Bought a scroll of identify for 26 gold pieces
 18809 | Orc:2    | Bought a scroll of magic mapping for 45 gold pieces
 19044 | Orc:2    | Found a staircase to the Elven Halls.
 19326 | Orc:2    | Bought a book of Minor Magic for 280 gold pieces
 19329 | Orc:2    | Learned a level 2 spell: Blink
 19332 | Orc:2    | Learned a level 2 spell: Repel Missiles
 19387 | D:11     | Bought a book of Necromancy for 510 gold pieces
 19664 | D:12     | Noticed feelmyfire's ghost (journeyman MiFi)
 19690 | D:12     | Killed feelmyfire's ghost
 19690 | D:12     | Received a gift from Okawaru
 19690 | D:12     | Reached skill level 1 in Transmutations
 19789 | D:12     | Noticed HEYYEYAAE's ghost (journeyman TrBe)
 19796 | D:12     | Killed HEYYEYAAE's ghost
 20032 | D:13     | Found a gate to the Vaults.
 20032 | D:13     | Noticed Urug
 20046 | D:12     | Received a gift from Okawaru
 20046 | D:12     | Reached skill level 1 in Charms
 20317 | D:13     | Received a gift from Okawaru
 20375 | D:13     | Received a gift from Okawaru
 20443 | D:13     | Reached skill level 10 in Dodging
 20554 | D:13     | Received a gift from Okawaru
 20561 | D:13     | Killed Urug
 20563 | D:13     | Reached skill level 10 in Fighting
 20747 | D:13     | Gained mutation: You may emit foul miasma when damaged in melee. [demonic ancestry]
 20747 | D:13     | Reached XP level 15. HP: 115/115 MP: 26/26
 20883 | D:13     | transmutations, translocations, same thing, eh? -.-
 21088 | Swamp:1  | Entered Level 1 of the Swamp
 21092 | Swamp:1  | Received a gift from Okawaru
 21155 | Swamp:1  | Learned a level 3 spell: Regeneration
 21222 | Swamp:1  | Reached skill level 1 in Translocations
 21876 | Swamp:2  | Reached skill level 16 in Crossbows
 21887 | Swamp:2  | Received a gift from Okawaru
 22038 | Swamp:2  | Received a gift from Okawaru
 22244 | Swamp:2  | Received a gift from Okawaru
 23014 | Swamp:3  | Noticed a thorn hunter
 23023 | Swamp:3  | Killed a thorn hunter
 23352 | Swamp:4  | Entered Level 4 of the Swamp
 23363 | Swamp:4  | Received a gift from Okawaru
 23642 | Swamp:4  | Reached skill level 1 in Necromancy
 23885 | Swamp:4  | Received a gift from Okawaru
 23909 | Swamp:4  | Identified the +1 plate armour "Zicugh" {Stlth+} (Okawaru gifted it to you on level 4 of the Swamp)
 23980 | Swamp:4  | Found a glowing silver altar of Zin.
 24049 | Swamp:4  | Reached XP level 16. HP: 92/124 MP: 27/27
 24233 | Swamp:4  | Reached skill level 5 in Charms
 24339 | Swamp:4  | Noticed a bone dragon
 24356 | Swamp:4  | Killed a bone dragon
 24470 | Swamp:4  | Got a decaying rune of Zot
 24712 | Spider:1 | Entered Level 1 of the Spider Nest
 24847 | Spider:1 | Received a gift from Okawaru
 24862 | Spider:1 | Reached skill level 17 in Crossbows
 25081 | Spider:1 | Learned a level 1 spell: Apportation
 26229 | Spider:2 | Received a gift from Okawaru
 27225 | Spider:2 | Reached skill level 1 in Spellcasting
 27472 | Spider:3 | Learned a level 3 spell: Portal Projectile
 27669 | Spider:3 | Received a gift from Okawaru
 27988 | Spider:4 | Entered Level 4 of the Spider Nest
 27998 | Spider:4 | Identified the cursed +0 ring mail "Luoxewn" {rF- Regen+ Dex+4} (You found it on level 4 of the Spider Nest)
 28046 | Spider:4 | Received a gift from Okawaru
 28135 | Spider:3 | Gained mutation: You have a pair of horns on your head. [demonic ancestry]
 28135 | Spider:3 | Reached XP level 17. HP: 133/133 MP: 28/28
 28668 | Spider:4 | Identified the +2 helmet of Grot {rN+ Dex+6 Slay+2} (You found it on level 4 of the Spider Nest)
 28884 | Spider:4 | Received a gift from Okawaru
 29009 | Spider:4 | Received a gift from Okawaru
 29009 | Spider:4 | Reached skill level 5 in Translocations
 29061 | Spider:4 | Learned a level 4 spell: Passage of Golubria
 29101 | Spider:4 | Received a gift from Okawaru
 29151 | Spider:4 | Reached skill level 18 in Crossbows
 29255 | Spider:4 | Got a gossamer rune of Zot
 29272 | Spider:4 | Received a gift from Okawaru
 29567 | D:11     | Upgraded the game from 0.20-a0-2-g2b0e13a to 0.20-a0-3-g334f831
 29651 | Elf:1    | Entered Level 1 of the Elven Halls
 29819 | Elf:1    | Received a gift from Okawaru
 29822 | Elf:1    | Identified the +0 ring mail of the Eleven Moons {-Tele +Inv MR+} (Okawaru gifted it to you on level 1 of the Elven Halls)
 29829 | Elf:1    | Identified the Collected Works on Attacks
 30597 | Elf:1    | Reached XP level 18. HP: 143/143 MP: 19/29
 30688 | Elf:1    | Received a gift from Okawaru
 31149 | Elf:2    | Found Norghata's Gadget Boutique.
 31205 | Elf:2    | Reached skill level 1 in Hexes
 31373 | Elf:2    | Noticed Asterion
 31397 | Elf:2    | Killed Asterion
 31424 | Elf:2    | Found a runed gate.
 31427 | Elf:2    | Found a runed gate.
 31428 | Elf:2    | Found a runed gate.
 31914 | D:14     | Noticed Azrael
 31921 | D:14     | Killed Azrael
 31921 | D:14     | Received a gift from Okawaru
 31944 | D:14     | Identified the +0 cloak "Fusidgh" {MR+ MP+9} (Okawaru gifted it to you on level 14 of the Dungeon)
 32028 | D:14     | Noticed Nessos
 32033 | D:14     | Killed Nessos
 32351 | D:15     | Entered Level 15 of the Dungeon
 32644 | D:15     | Found a sparkling altar of Nemelex Xobeh.
 32844 | D:15     | Found a staircase to the Depths.
 33359 | D:11     | Bought a scroll of brand weapon for 240 gold pieces
 33409 | Orc:2    | Bought a scroll of enchant weapon for 97 gold pieces
 33520 | Vaults:1 | Entered Level 1 of the Vaults
 33964 | Vaults:1 | Received a gift from Okawaru
 34394 | Vaults:1 | Reached skill level 19 in Crossbows
 34644 | Vaults:1 | Reached skill level 5 in Hexes
 34718 | Vaults:1 | Gained mutation: You are robust. (+10% HP) [demonic ancestry]
 34718 | Vaults:1 | Reached XP level 19. HP: 142/166 MP: 30/30
 35404 | Vaults:2 | Received a gift from Okawaru
 35409 | Vaults:2 | Identified the +10 chain mail "Reyk" {*Contam rF+ Int+8} (Okawaru gifted it to you on level 2 of the Vaults)
 35726 | Vaults:2 | Reached skill level 1 in Armour
 36804 | Vaults:2 | Received a gift from Okawaru
 37068 | Vaults:2 | Received a gift from Okawaru
 37424 | Vaults:2 | Received a gift from Okawaru
 37455 | Vaults:2 | Received a gift from Okawaru
 37499 | Vaults:2 | Received a gift from Okawaru
 37507 | Vaults:2 | Got an ebony triple crossbow {god gift}
 37508 | Vaults:2 | Identified the +1 triple crossbow of Cesiatao {elec, Int+2} (Okawaru gifted it to you on level 2 of the Vaults)
 38088 | Vaults:3 | Upgraded the game from 0.20-a0-3-g334f831 to 0.20-a0-4-gd166d5d
 38146 | Vaults:3 | Gained mutation: You have a pair of large horns on your head. [demonic ancestry]
 38146 | Vaults:3 | Reached XP level 20. HP: 166/176 MP: 31/31
 38194 | Vaults:3 | Received a gift from Okawaru
 38261 | Vaults:3 | Reached skill level 20 in Crossbows
 38269 | Vaults:3 | Found a staircase to the Crypt.
 38409 | Vaults:3 | Found Vubi's Weapon Shoppe.
 38749 | Vaults:3 | Found Epreethoshro's Antique Weapon Emporium.
 38775 | Vaults:3 | Received a gift from Okawaru
 38992 | Vaults:3 | Found Ofoir's Food Emporium.
 39074 | Vaults:3 | Reached skill level 5 in Armour
 39087 | Vaults:3 | Reached skill level 10 in Translocations
 39390 | Vaults:3 | Reached skill level 15 in Fighting
 40173 | Vaults:4 | Found Faagy's Gadget Boutique.
 40414 | Vaults:4 | Noticed brucemayne's ghost (adept HOMo)
 40422 | Vaults:4 | Killed brucemayne's ghost
 40490 | Vaults:4 | Received a gift from Okawaru
 40876 | Vaults:4 | Received a gift from Okawaru
 40918 | Vaults:4 | Found Vaic's Antique Weapon Shop.
 41522 | Vaults:4 | Received a gift from Okawaru
 41713 | Vaults:5 | Entered Level 5 of the Vaults
 41743 | Vaults:5 | Gained mutation: You are completely covered in molten scales. (AC +4, rF+) [demonic ancestry]
 41743 | Vaults:5 | Reached XP level 21. HP: 185/185 MP: 27/32
 41771 | Vaults:5 | Received a gift from Okawaru
 41771 | Vaults:5 | Reached skill level 21 in Crossbows
 41805 | Vaults:5 | Received a gift from Okawaru
 41836 | Vaults:5 | Killed by mirror damage

Vault maps used:
D:1:      minmay_arrival_floating_metal, hangedman_abyss_or_decor_stabs
D:2:      amethyst_overflow_temple_binary, first_bread,
          grunt_ashenzari_visionary
D:4:      grunt_temple_overflow_cloverleaf
D:5:      regret_index_temple_of_mockery, serial_shops, nicolae_shop_trees,
          shop_fountains
D:6:      kennysheep_generic_room_2
D:7:      uniq_duvessa, uniq_crazy_yiuf_cottage
D:10:     lair_0_dummy, minmay_crystal_water, hangedman_ranch
D:11:     kennysheep_orc_monster_closet_entryway, serial_shops,
          nicolae_shop_trees, shop, shop, kennysheep_opposing_triangles
D:13:     lemuel_troll_bridge, david_vaults_3
D:14:     hangedman_decor_clover_reticule, uniq_azrael, uniq_nessos
D:15:     gammafunk_enter_depths_forms, basic_altar
Lair:1:   st_stairs_5
Lair:2:   swamp_mist, spider_nest_entry_webs, serial_bayou_pond_c,
          beast_lair_carwin_3, uniq_harold, uniq_sonja, uniq_gastronok
Lair:3:   uniq_nergalle
Lair:4:   minivault_26
Lair:5:   minmay_slime_entry_pillars, serial_forest,
          infiniplex_forest_clump_curved, infiniplex_forest_clump_curved,
          infiniplex_forest_end_3, infiniplex_forest_lined_corner,
          infiniplex_forest_clump_medium, infiniplex_forest_pool,
          infiniplex_forest_lined_2, infiniplex_forest_end_1,
          kilobyte_rumbling_trees
Lair:6:   guppyfry_lair_end_dragon, lab_entry_generic, serial_forest,
          infiniplex_forest_end_1, infiniplex_forest_end_double,
          infiniplex_forest_straight_1, infiniplex_forest_clump_curved,
          infiniplex_forest_zigzag_2, nicolae_lair_yak_garden,
          lemuel_fruit_fields
Swamp:1:  hangedman_swamp_ruin_hall
Swamp:2:  nicolae_swamp_treefoil, infiniplex_staircase_pool_2
Swamp:3:  evilmike_swamp_ruin_rubble_2
Swamp:4:  swamp_pestilence, nicolae_swamp_godswood, infiniplex_staircase_pool
Spider:4: grunt_spider_rune_circles, guppyfry_spider_mini_2
Orc:1:    guppyfry_library_mini
Orc:2:    st_orc_ogre_mass, uniq_josephine
Elf:1:    eino_elf_arrival_sip, minmay_elf_annihilation
Elf:2:    serial_shops, shop, uniq_asterion, uniq_louise
Vaults:1: nicolae_vaults_quartermaster, ontoclasm_vaults_ring_small,
          ontoclasm_vaults_ligature, v_rooms_1, v_alt_pattern_3,
          nicolae_vaults_border_crossing, ontoclasm_vaults_spin,
          vaults_room_pool, nicolae_vaults_shelves_hall, grunt_vaults_trifunnel,
          nicolae_vaults_three_branches, grunt_vaults_diagonal,
          vaults_room_hallway, nicolae_vaults_ring_of_whatevers,
          grunt_vaults_hallway_long
Vaults:2: dpeg_vaults_pockets_of_resistance, nicolae_vaults_little_squares_5,
          vaults_room_boxed, v_misc_26, v_misc_10, vaults_dpeg_ring
Vaults:3: v_rooms_3, nicolae_vaults_bisected_slash, v_misc_12, v_misc_4,
          hangedman_vaults_unwind, vaults_mumra_minichess_inversion,
          v_alt_pattern_3, grunt_vaults_funnel, vaults_room_glass_cross,
          ontoclasm_vaults_hangar, vaults_mumra_lcd,
          minmay_crypt_entry_skeletal_spiral, serial_shops, shop, shop,
          nicolae_shop_statue_plus
Vaults:4: vaults_room_door_ring, vaults_standard_mumra_x,
          vaults_room_semicircle, nicolae_vaults_branching_niches,
          nicolae_vaults_little_squares_5, vaults_room_mumra_shop_pool,
          vaults_room_grid, v_pattern_4, v_misc_9, vaults_dpeg_diagonal,
          nicolae_vaults_mini_display_case, serial_shops, shop_coins
Vaults:5: serial_shops
Lab:      labyrinth_spiral, labyrinth_lava_lair, nicolae_lab_hexagon,
          nicolae_lab_swirl

Skill      XL: |  1  2  3  4  5  6  7  8  9 10 11 12 13 14 15 16 17 18 19 20 21 |
---------------+----------------------------------------------------------------+-----
Crossbows      | 4 5 6 7 8 10 11 12 13 14 15 16 17 18 19 20 21 | 21.0
Invocations    | 3 5 7 9 11 12 13 14 15 | 15.1
Dodging        | 2 5 6 7 9 10 11 12 13 14 | 14.0
Long Blades    | 3 6 |  6.4
Fighting       | 5 6 8 10 12 13 14 15 | 15.6
Transmutations | 2 3 |  3.0
Charms         | 2 4 6 |  6.1
Translocations | 3 4 8 9 10 | 10.8
Necromancy     | 1 4 |  4.0
Spellcasting   | 2 3 |  3.4
Hexes          | 5 |  5.6
Armour         | 3 6 |  6.9
Stealth        | |  0.8

Action                   |  1- 3 |  4- 6 |  7- 9 | 10-12 | 13-15 | 16-18 | 19-21 || total
-------------------------+-------+-------+-------+-------+-------+-------+-------++-------
Melee: Short sword       |    30 |       |       |       |       |       |       ||    30
       Spear             |   101 |   121 |       |       |       |       |       ||   222
       Headbutt          |    15 |    20 |    48 |    71 |     2 |     5 |       ||   161
       Hand axe          |       |       |   225 |   331 |    22 |    10 |       ||   588
       Punch             |       |       |       |     4 |     1 |       |       ||     5
       Arbalest          |       |       |       |       |       |     3 |       ||     3
 Fire: Hand crossbow     |    14 |    47 |    95 |   109 |       |       |       ||   265
       Blowgun           |    18 |    19 |       |       |       |       |       ||    37
       Arbalest          |       |       |       |   189 |  1206 |  1154 |       ||  2549
       Triple crossbow   |       |       |       |       |       |   475 |  1111 ||  1586
Throw: Throwing net      |       |       |       |     1 |       |       |       ||     1
 Cast: Repel Missiles    |       |       |       |       |     4 |     8 |     1 ||    13
       Regeneration      |       |       |       |       |    10 |    65 |     8 ||    83
       Apportation       |       |       |       |       |       |     3 |       ||     3
       Portal Projectile |       |       |       |       |       |    19 |    10 ||    29
       Blink             |       |       |       |       |       |     3 |    12 ||    15
       Passage of Golubr |       |       |       |       |       |       |    10 ||    10
Invok: Heroism           |       |       |     2 |    13 |    32 |    26 |    23 ||    96
       Finesse           |       |       |       |     2 |    10 |     8 |     8 ||    28
Evoke: Wand              |       |     1 |    11 |     1 |     1 |     2 |     1 ||    17
  Use: Potion            |       |     2 |     1 |     2 |       |     2 |     7 ||    14
       Scroll            |       |     3 |    13 |    13 |    14 |    17 |     3 ||    63
 Stab: Sleeping          |       |     2 |     1 |     2 |       |       |       ||     5
       Confused          |       |       |     1 |       |       |       |       ||     1
       Held in net/web   |       |       |       |     1 |       |       |       ||     1
  Eat: Chunk             |     4 |     5 |    20 |    11 |    13 |    18 |    22 ||    93
       Fruit             |       |     1 |       |       |     6 |    25 |       ||    32
       Beef jerky        |       |       |       |     2 |       |     3 |       ||     5
       Royal jelly       |       |       |       |     4 |       |       |       ||     4
       Pizza             |       |       |       |       |     8 |     1 |     1 ||    10
Armor: Leather armour    |    14 |       |       |       |       |       |       ||    14
       Ring mail         |    35 |    59 |    36 |       |       |       |       ||   130
       Troll leather arm |       |       |    30 |    78 |    20 |       |       ||   128
       Robe              |       |       |       |       |    60 |   183 |     7 ||   250
       Chain mail        |       |       |       |       |       |       |   234 ||   234
       Skin              |       |       |       |       |       |       |     1 ||     1
Dodge: Dodged            |    78 |   110 |   178 |   466 |   579 |  1224 |   620 ||  3255
       Deflected         |       |       |       |       |    11 |    26 |    21 ||    58
